 Dungeon Crawl Stone Soup version 0.17.1-1-g73c8601 (webtiles) character file.

827 Killerpretzel the Destroyer (level 7, -1/36 HPs)
             Began as a Deep Elf Conjurer on Dec 30, 2015.
             Was an Initiate of Vehumet.
             Slain by an orc warrior
             ... wielding a +0 long sword
              (17 damage)
             ... on level 6 of the Dungeon.
             The game lasted 00:25:19 (6516 turns).

Killerpretzel the Destroyer (Deep Elf Conjurer)     Turns: 6516, Time: 00:25:19

Health: -1/36      AC:  2    Str:  7      XL:     7   Next: 64%
Magic:  1/13       EV: 13    Int: 19 (20) God:    Vehumet [......]
Gold:   234        SH:  0    Dex: 15      Spells: 3 memorised, 4 levels left

rFire  + . .     SeeInvis +     d - +1 dagger (venom)
rCold  . . .     Clarity  .     a - +0 robe
rNeg   . . .     SustAt   .     (no shield)
rPois  .         Gourm    .     (no helmet)
rElec  .         Spirit   .     (no cloak)
rCorr  .         Warding  .     (no gloves)
rMut   .         Stasis   .     (no boots)
MR     .....                    (no amulet)
Stlth  ++........               B - ring of protection from fire
                                m - ring of see invisible

@: not resistant to hostile enchantments, unstealthy
A: no striking features
a: Renounce Religion


You were on level 6 of the Dungeon.
You worshipped Vehumet.
Vehumet was noncommittal.
You were hungry.

You visited 2 branches of the dungeon, and saw 7 of its levels.

You collected 234 gold pieces.

Inventory:

Hand Weapons
 d - a +1 dagger of venom (weapon)
 i - a cursed -3 hunting sling
 w - a +0 hunting sling
 x - a +0 short sword of draining
Missiles
 g - 202 stones (quivered)
 u - 67 sling bullets
Armour
 a - a +0 robe (worn)
Jewellery
 j - a cursed ring of teleportation {unknown}
 m - a ring of see invisible (left hand)
 B - a ring of protection from fire (right hand)
Wands
 k - a wand of confusion (26)
 l - a wand of confusion (38)
Scrolls
 e - 5 scrolls of teleportation
 f - a scroll of brand weapon {unknown}
 o - a scroll of fog {unknown}
Potions
 b - a potion of degeneration
 h - 2 potions of lignification {unknown}
 n - a potion of agility
 C - 3 potions of curing {unknown}
Comestibles
 c - 4 bread rations
 p - a royal jelly
 q - a chunk of flesh


   Skills:
 - Level 2.4 Dodging
 - Level 2.4 Stealth
 - Level 3.0 Spellcasting
 + Level 9.0 Conjurations
 + Level 6.8 Charms


You had 4 spell levels left.
You knew the following spells:

 Your Spells              Type           Power        Failure   Level  Hunger
a - Magic Dart            Conj           ####         1%          1    None
b - Searing Ray           Conj           #####.       1%          2    ##.....
c - Iskenderun's Battles  Conj/Chrm      ####....     17%         5    ######.


Dungeon Overview and Level Annotations

Branches:
Dungeon (6/15)             Temple (1/1) D:4

Altars:
Ashenzari
Dithmenos
Elyvilon
Fedhas
Makhleb
Okawaru
Qazlal
Ru
Sif Muna
Trog
Vehumet
The Shining One

Annotations:
D:3 exclusion: 2 downstairs
D:4 Menkaure


Message History

Your battlesphere expends the last of its energy and dissipates.
An orc comes into view. It is wielding a trident.
Casting: Magic Dart
Confirm with . or Enter, or press ? or * to list all spells.
Aiming: Magic Dart
Press: ? - help, Shift-Dir - straight line, f/p - orc warrior
Aim: an orc warrior, wielding a long sword and wearing a plate armour (severely wounded)
The magic dart hits the orc warrior.
The orc warrior is severely wounded.
The orc shouts!
The orc warrior hits you with a long sword!!
Ouch! That really hurt!
Read which item? (? for menu, Esc to quit)
Okay, then.
Drink which item? (? for menu, Esc to quit)
It was a potion of degeneration.
There was something very wrong with that liquid.
You feel dopey.
The orc warrior hits you with a long sword!
You die...

...# #####.#.....#.#.#..
...###############.#.#...#.#.#...
...#.....#................#.#.#..
...#.....#............'#.#.#.#.#+
...'....)#............#.#.#.#.#.#
...#.....#............'#.#.#)#.#.
####.....#............#.#.#.#.#(#
#.....#.............#.#.#[#.#.
#.....#......@o..o.#.#.#)#.#.#
#.....#......ยง.....+#.#.#.#.#.
#.....#............#.#.#.#.#.#
#.....#...........)'#.#.#.#.#.
#.....#............#.#.#.#.#+.
#.....#............#######. #.
##.#########.#####.......# #.
###'###<......# #.......# #.
#..........########.......# #.


You could see an orc warrior and an orc.

Vanquished Creatures
  A water moccasin (D:6)
  2 ice beasts
  A centaur (D:6)
  2 giant frogs (D:6)
  2 orc priests (D:6)
  A giant frog skeleton (D:4)
  A centaur skeleton (D:5)
  A giant frog zombie (D:5)
  A killer bee zombie (D:5)
  The ghost of Musteatbrain the Skirmisher, a weakling DsFi (D:3)
  4 adders
  3 oozes
  3 worms (D:2)
  3 orcs (D:6)
  7 giant cockroaches
  10 hobgoblins
  6 jackals
  9 kobolds
  A quokka (D:5)
  8 bats
  A giant gecko (D:1)
  3 giant newts
  9 goblins
  A jackal zombie (D:3)
  10 rats
91 creatures vanquished.

Vanquished Creatures (others)
  A wizard (D:3)
1 creature vanquished.

Grand Total: 92 creatures vanquished

Notes
Turn   | Place    | Note
--------------------------------------------------------------
     0 | D:1      | Killerpretzel the Deep Elf Conjurer began the quest for the Orb.
     0 | D:1      | Reached XP level 1. HP: 10/10 MP: 6/6
   203 | D:1      | Reached XP level 2. HP: 15/15 MP: 5/8
   207 | D:1      | Learned a level 2 spell: Searing Ray
   248 | D:1      | Reached skill level 5 in Conjurations
  1412 | D:2      | Reached XP level 3. HP: 19/19 MP: 3/9
  2392 | D:2      | Reached skill level 6 in Conjurations
  2529 | D:3      | Reached XP level 4. HP: 24/24 MP: 7/10
  2855 | D:3      | Found a bloodstained altar of Trog.
  2858 | D:3      | Noticed a wizard
  2862 | D:3      | Killed a wizard
  3177 | D:3      | Noticed Musteatbrain's ghost (weakling DsFi)
  3183 | D:3      | Killed Musteatbrain's ghost
  3616 | D:4      | Noticed Menkaure
  3740 | D:4      | Found a shattered altar of Ashenzari.
  3884 | D:5      | Entered Level 5 of the Dungeon
  4076 | D:5      | Reached skill level 7 in Conjurations
  4076 | D:5      | Reached XP level 5. HP: 28/28 MP: 4/11
  4083 | D:5      | Learned a level 5 spell: Iskenderun's Battlesphere
  4265 | D:5      | Reached skill level 1 in Charms
  4396 | D:5      | Found a sacrificial altar of Ru.
  4428 | D:5      | Found a burning altar of Makhleb.
  4767 | D:4      | Found a white marble altar of Elyvilon.
  4878 | D:4      | Found a staircase to the Ecumenical Temple.
  4884 | Temple   | Entered the Ecumenical Temple
  5039 | Temple   | Became a worshipper of Vehumet
  5152 | D:6      | Noticed a water moccasin
  5156 | D:6      | Killed a water moccasin
  5156 | D:6      | Reached XP level 6. HP: 10/32 MP: 7/12
  5280 | D:5      | Noticed an ice beast
  5285 | D:5      | Killed an ice beast
  5386 | D:5      | Reached skill level 8 in Conjurations
  5729 | D:6      | Reached skill level 5 in Charms
  5730 | D:6      | Noticed a giant frog
  5771 | D:6      | Killed a giant frog
  5771 | D:6      | Reached XP level 7. HP: 16/36 MP: 0/13
  5970 | D:6      | Noticed an ice beast
  5973 | D:6      | Killed an ice beast
  6340 | D:6      | Noticed a centaur
  6344 | D:6      | Killed a centaur
  6344 | D:6      | Reached skill level 9 in Conjurations
  6516 | D:6      | Slain by an orc warrior

Action                   |  1- 3 |  4- 6 |  7- 9 || total
-------------------------+-------+-------+-------++-------
Melee: Dagger            |       |     3 |     3 ||     6
 Cast: Magic Dart        |    86 |    88 |    23 ||   197
       Searing Ray       |     2 |     8 |     1 ||    11
       Iskenderun's Batt |       |       |     2 ||     2
  Use: Scroll            |     7 |     7 |       ||    14
       Potion            |       |     2 |     1 ||     3
  Eat: Chunk             |     5 |     6 |       ||    11
       Royal jelly       |       |     1 |       ||     1
       Bread ration      |       |     1 |       ||     1
